 Dungeon Crawl Stone Soup version 0.17.0-28-g6e173f8 (console) character file.

424 Kloppie the Chiller (level 6, 0/36 HPs)
             Began as an Octopode Ice Elementalist on Dec 2, 2015.
             Slain by a water moccasin zombie (3 damage)
             ... on level 4 of the Dungeon.
             The game lasted 00:10:54 (5027 turns).

Kloppie the Chiller (Octopode Ice Elementalist)     Turns: 5027, Time: 00:10:54

Health: 0/36       AC:  1    Str:  8    XL:     6   Next: 96%
Magic:  6/11       EV: 12    Int: 19    God:
Gold:   144        SH:  0    Dex: 12    Spells: 4 memorised, 2 levels left

rFire  . . .     SeeInvis .     g - +0 falchion
rCold  . . .     Clarity  .     (no shield)
rNeg   . . .     SustAt   .     (helmet restricted)
rPois  .         Gourm    .     (no amulet)
rElec  .         Spirit   .     (no ring)
rCorr  .         Warding  .     (no ring)
rMut   .         Stasis   .     (no ring)
MR     .....                    (no ring)
Stlth  +++.......               (no ring)
                                (no ring)
                                (no ring)
                                (no ring)

@: not resistant to hostile enchantments, fairly stealthy
A: almost no armour, amphibious, 8 rings, constrict 8, camouflage 1, gelatinous
body 1
a: no special abilities


You were on level 4 of the Dungeon.
You were hungry.

You visited 1 branch of the dungeon, and saw 4 of its levels.

You collected 144 gold pieces.

Inventory:

Hand Weapons
 e - a +1 dagger of holy wrath
 g - a +0 falchion (weapon)
Scrolls
 c - 5 scrolls of identify {unknown}
 f - a scroll of remove curse {unknown}
 j - a scroll of teleportation {unknown}
 q - 2 scrolls of amnesia {unknown}
Potions
 d - 4 potions of curing
 h - a potion of magic {unknown}
 i - 4 potions of haste {unknown}
 k - a potion of flight {unknown}
 l - a potion of heal wounds {unknown}
 m - a potion of degeneration {unknown}
 n - a potion of beneficial mutation {unknown}
 o - a potion of mutation {unknown}
 p - a potion of invisibility {unknown}
Books
 a - a book of Frost

   Spells                             Type                      Level
   a - Freeze                         Ice                          1
   b - Throw Frost                    Conjuration/Ice              2
   c - Ozocubu's Armour               Charms/Ice                   3
   d - Throw Icicle                   Conjuration/Ice              4
   e - Summon Ice Beast               Ice/Summoning                4
   f - Condensation Shield            Ice                          4
Comestibles
 b - 3 bread rations


   Skills:
 - Level 2.0 Dodging
 - Level 2.6 Stealth
 - Level 3.5 Spellcasting
 - Level 2.3 Conjurations
 + Level 3.1 Summonings
 + Level 5.4 Ice Magic


You had 2 spell levels left.
You knew the following spells:

 Your Spells              Type           Power        Failure   Level  Hunger
a - Freeze                Ice            ###.         1%          1    None
b - Throw Frost           Conj/Ice       ###...       6%          2    ##.....
c - Ozocubu's Armour      Chrm/Ice       ##......     14%         3    ###....
d - Summon Ice Beast      Ice/Summ       ###.....     28%         4    ####...


Dungeon Overview and Level Annotations

Branches:
Dungeon (4/15)
 Temple: D:4-7

Altars:
Okawaru
Sif Muna

Annotations:
D:4 Edmund


Innate Abilities, Weirdness & Mutations

You cannot wear most types of armour.
You are amphibious.
You can wear up to eight rings at the same time.
You can use your tentacles to constrict eight enemies at once.
Your skin changes colour to match your surroundings (Stealth).
Your rubbery body absorbs attacks (AC +1).


Message History

* * * LOW HITPOINT WARNING * * *
Casting: Freeze
Confirm with . or Enter, or press ? or * to list all spells.
Aiming: Freeze
Press: ? - help, Shift-Dir - straight line, f/p - water moccasin zombie
Aim: a water moccasin zombie (constricted by you)
You freeze the water moccasin zombie.
The water moccasin zombie resists.
You constrict the water moccasin zombie.
The water moccasin zombie bites you.
* * * LOW HITPOINT WARNING * * *
Casting: Freeze
Confirm with . or Enter, or press ? or * to list all spells.
Aiming: Freeze
Press: ? - help, Shift-Dir - straight line, f/p - water moccasin zombie
Aim: a water moccasin zombie (constricted by you)
You freeze the water moccasin zombie.
The water moccasin zombie completely resists.
You constrict the water moccasin zombie.
The water moccasin zombie bites you.
You die...

####......<........
............###....
#####........# ....
...#........# ###
###.####.#####
#........#
#.#.###### #.# #@#
#Z# .l. #....
#..... #......
#....... #.......#


You could see a water moccasin zombie and a giant gecko.

Vanquished Creatures
  A hound (D:4)
  2 orc wizards (D:3)
  2 orc priests (D:3)
  A giant frog skeleton (D:4)
  Jessica (D:2)
  9 adders
  3 gnolls (D:3)
  2 oozes (D:2)
  3 worms
  6 giant geckos
  3 orcs
  4 giant cockroaches
  8 hobgoblins
  4 jackals (D:3)
  11 kobolds
  5 ball pythons
  10 bats
  3 giant newts (D:3)
  7 goblins
  4 rats
89 creatures vanquished.

Notes
Turn   | Place    | Note
--------------------------------------------------------------
     0 | D:1      | Kloppie the Octopode Ice Elementalist began the quest for the Orb.
     0 | D:1      | Reached XP level 1. HP: 11/11 MP: 3/3
   130 | D:1      | Reached XP level 2. HP: 13/17 MP: 0/5
   279 | D:1      | Found an iron altar of Okawaru.
   698 | D:1      | Reached XP level 3. HP: 18/21 MP: 6/6
   702 | D:1      | Learned a level 2 spell: Throw Frost
   706 | D:1      | Learned a level 3 spell: Ozocubu's Armour
  1504 | D:2      | Reached XP level 4. HP: 15/27 MP: 4/8
  1671 | D:2      | Reached skill level 4 in Ice Magic
  2231 | D:2      | Reached XP level 5. HP: 31/31 MP: 6/9
  2297 | D:2      | Learned a level 4 spell: Summon Ice Beast
  2464 | D:2      | Noticed Jessica
  2472 | D:2      | Killed Jessica
  2806 | D:3      | Reached skill level 1 in Summonings
  3347 | D:3      | Reached XP level 6. HP: 36/36 MP: 2/11
  4114 | D:3      | Reached skill level 5 in Ice Magic
  4240 | D:3      | Found a deep blue altar of Sif Muna.
  4514 | D:4      | Noticed Edmund
  5027 | D:4      | Slain by a water moccasin zombie

Action                   |  1- 3 |  4- 6 || total
-------------------------+-------+-------++-------
Melee: Unarmed           |    14 |       ||    14
       Falchion          |    39 |    89 ||   128
       Dagger            |     4 |       ||     4
 Cast: Freeze            |    13 |    60 ||    73
       Throw Frost       |     1 |    19 ||    20
       Ozocubu's Armour  |       |     1 ||     1
 Stab: Sleeping          |     9 |    11 ||    20
  Eat: Chunk             |     2 |    11 ||    13
